 Dungeon Crawl Stone Soup version 0.14-a0-102-g2341383 (console) character file.

109 Kellhus the Ruinous (level 4, 22/22 HPs)
             Began as a Gargoyle Wizard on Oct 2, 2013.
             Quit the game on Level 2 of the Dungeon.
             The game lasted 00:01:25 (1067 turns).

Kellhus the Ruinous (Gargoyle Wizard)               Turns: 1067, Time: 00:01:25

HP  22/22        AC  7     Str 11      XL: 4   Next:  1%
MP   6/11        EV 11     Int 19      God:
Gold 51          SH  0     Dex  8      Spells:  1 memorised,  8 levels left

Res.Fire  : . . .   See Invis. : .   (no weapon)
Res.Cold  : . . .   Warding    : .   a - +0 robe
Life Prot.: + . .   Conserve   : .   (no shield)
Res.Poison: +       Res.Corr.  : .   b - +0 wizard hat
Res.Elec. : +       Clarity    : .   (no cloak)
Sust.Abil.: . .     Spirit.Shd : .   n - +0 pair of gloves
Res.Mut.  : .       Stasis     : .   k - +0 pair of boots
Res.Rott. : +       Flight     : .   (no amulet)
Saprovore : . . .                    (no ring)
                                     (no ring)

@: slightly resistant to hostile enchantments, unstealthy
A: fangs 1, talons 2, life protection 1, electricity resistance, slow metabolism
1, unbreathing, petrification resistance, AC +3
a: no special abilities


You were on level 2 of the Dungeon.
You were not hungry.

You visited 1 branch of the dungeon, and saw 2 of its levels.

You collected 31 gold pieces.

Inventory:

Armour
 a - a +0 robe (worn)
 b - a +0 wizard hat (worn)
 e - a +0 pair of gloves
 k - a +0 pair of boots (worn)
 n - a +0 pair of gloves (worn)
Comestibles
 d - a bread ration
 i - an apple
 o - a snozzcumber
Scrolls
 f - 2 scrolls of identify {unknown}
 j - a scroll of teleportation {unknown}
 m - a scroll of noise {unknown}
 p - a scroll of curse jewellery {unknown}
 q - a scroll of blinking {unknown}
 r - a scroll of remove curse {unknown}
Potions
 g - a potion of confusion {unknown}
 h - a potion of paralysis {unknown}
 l - a potion of might {unknown}
Books
 c - a book of Minor Magic

   Spells                             Type                      Level
   *Magic Dart                        Conjuration                  1
   Blink                              Translocation                2
   Call Imp                           Summoning                    2
   Repel Missiles                     Charms/Air                   2
   Slow                               Hexes                        2
   Conjure Flame                      Conjuration/Fire             3
   Mephitic Cloud                     Conjuration/Poison/Air       3


   Skills:
 - Level 1.5 Dodging
 - Level 2.1 Stealth
 - Level 3.0 Spellcasting
 + Level 4.1 Conjurations
   Level 0.8 Summonings
   Level 0.8 Translocations


You had 8 spell levels left.
You knew the following spells:

 Your Spells              Type           Power        Failure   Level  Hunger
a - Magic Dart            Conj           ###.         3%          1    None


Dungeon Overview and Level Annotations

Branches:
Dungeon (2/27)

Altars:


Innate Abilities, Weirdness & Mutations

You are resistant to torment.
You are immune to poison.
Your stone body is very resilient (AC +3).
You have very sharp teeth.
You have razor-sharp toenails.
You resist negative energy.
You are resistant to electric shocks.
You have a slow metabolism.
You can survive without breathing.
You are immune to petrification.


Message History

The ooze is heavily wounded.
Casting: Magic Dart
Confirm with . or Enter, or press ? or * to list all spells.
Aiming: Magic Dart
Press: ? - help, Shift-Dir - straight line, f/p - ooze
Aim: an ooze (heavily wounded)
The magic dart hits the ooze.
The ooze is severely wounded.
Casting: Magic Dart
Confirm with . or Enter, or press ? or * to list all spells.
Aiming: Magic Dart
Press: ? - help, Shift-Dir - straight line, f/p - ooze
Aim: an ooze (severely wounded)
The magic dart hits the ooze.
You kill the ooze!
You have reached level 4!
You feel stronger.
Casting: Magic Dart
Confirm with . or Enter, or press ? or * to list all spells.
You can't see any susceptible monsters within range! (Use Z to cast anyway.) Are you sure you want to abandon this character and quit the game? (Confirm with "yes".)

#.......#
...#.###.#####..#.#
#.......#
.....#............#.#
#.......#
......#####.##.......#
%.......#
#......................
........#
#......######.#.##.####
........# #......#
#.#.##.# # ........#
#......#### #.#.##.# #
........ #.......!.#
...##.# # #######
#@##.########.# # ....
+.............#### ###
##.#.............#
#####'#############.#
#...........#######.#
#......#.##.........#
#....%.#.############
#......#.# . #......+.#
.


There were no monsters in sight!

Vanquished Creatures
  2 adders (D:2)
  A giant gecko (D:1)
  2 oozes
  7 bats
  2 giant cockroaches (D:2)
  2 goblins (D:1)
  4 hobgoblins (D:1)
  3 kobolds
  A quokka (D:2)
  A ball python (D:2)
  3 giant newts
  3 jackals (D:1)
  5 rats
36 creatures vanquished.

Notes
Turn   | Place    | Note
--------------------------------------------------------------
     0 | D:1      | Kellhus, the Gargoyle Wizard, began the quest for the Orb.
     0 | D:1      | Reached XP level 1. HP: 8/8 MP: 5/5
   160 | D:1      | Reached XP level 2. HP: 13/13 MP: 0/7
   491 | D:1      | Reached XP level 3. HP: 17/17 MP: 3/9
   968 | D:2      | Reached skill level 4 in Conjurations
  1066 | D:2      | Reached XP level 4. HP: 22/22 MP: 6/11
  1067 | D:2      | Quit the game

Action                   |  1- 3 |  4- 6 || total
-------------------------+-------+-------++-------
Melee: Unarmed           |    20 |       ||    20
 Cast: Magic Dart        |    67 |     1 ||    68
